 Dungeon Crawl Stone Soup version 0.17.1-3-g152610e (webtiles) character file.

534 WarriorsX the Slasher (level 7, -16/55 HPs)
             Began as a Human Fighter on Mar 5, 2016.
             Was a Follower of Okawaru.
             Demolished by Menkaure (22 damage)
             ... on level 3 of the Dungeon.
             The game lasted 00:12:00 (5126 turns).

WarriorsX the Slasher (Human Fighter)               Turns: 5126, Time: 00:12:00

Health: -16/55     AC:  6    Str: 18    XL:     7   Next: 49%
Magic:  7/7        EV:  7    Int:  9    God:    Okawaru [*.....]
Gold:   208        SH:  9    Dex: 12    Spells: 0 memorised, 6 levels left

rFire  . . .     SeeInvis .     a - +0 long sword
rCold  . . .     Clarity  .     b - +0 scale mail
rNeg   . . .     SustAt   .     c - +0 shield
rPois  .         Gourm    .     (no helmet)
rElec  .         Spirit   .     (no cloak)
rCorr  .         Warding  .     (no gloves)
rMut   .         Stasis   .     (no boots)
MR     .....                    (no amulet)
Stlth  ..........               (no ring)
                                g - ring of wizardry

@: not resistant to hostile enchantments, extremely unstealthy
A: no striking features
a: Heroism, Renounce Religion


You were on level 3 of the Dungeon.
You worshipped Okawaru.
Okawaru was aware of your devotion.
You were not hungry.

You visited 1 branch of the dungeon, and saw 4 of its levels.

You collected 208 gold pieces.

Inventory:

Hand Weapons
 a - a +0 long sword (weapon)
Armour
 b - a +0 scale mail (worn)
 c - a +0 shield (worn)
Jewellery
 g - a ring of wizardry (left hand)
 l - an uncursed amulet of resist mutation
Scrolls
 d - 2 scrolls of magic mapping {unknown}
 f - a scroll of teleportation {unknown}
 h - 3 scrolls of noise {unknown}
 k - 2 scrolls of identify
 m - 2 scrolls of remove curse
 p - a scroll of blinking {unknown}
Potions
 j - a potion of flight
 n - 2 potions of curing {unknown}
 q - a potion of might
Comestibles
 e - 3 bread rations
 i - a royal jelly
 o - 2 meat rations
 r - a chunk of flesh


   Skills:
 - Level 4.3 Fighting
 * Level 6.7 Long Blades
 + Level 3.3 Armour
 + Level 3.2 Shields


You had 6 spell levels left.
You didn't know any spells.

Dungeon Overview and Level Annotations

Branches:
Dungeon (4/15)
 Temple: D:4-7

Altars:
Nemelex Xobeh
Okawaru
Trog

Annotations:
D:3 Menkaure


Message History

a dagger; a stone; an enchanted dagger; a kobold corpse You barely miss the kobold.
The kobold barely misses you.
You slash the kobold!
You kill the kobold!
Okawaru accepts your kill.
Menkaure gestures at you while chanting.
Pain shoots through your body!
You completely miss Menkaure. Menkaure hits you!!
* * * LOW HITPOINT WARNING * * *
You hit Menkaure but do no damage. You block Menkaure's attack.
Unknown command.
You hit Menkaure but do no damage.
Menkaure gestures at you while chanting.
Pain shoots through your body!
* * * LOW HITPOINT WARNING * * *
Menkaure points at you and mumbles some strange words.
Pain shoots through your body!
* * * LOW HITPOINT WARNING * * *
You closely miss Menkaure. Menkaure hits you!!
You die...

#..# ##.## #.#
#..#########...# #.#
.........)())#.# #.#
##.####.####...# #.#
#.####.######## #.#
##..........#########.#
...................##.#
#######.###.######)##.#
#######.###[# #.@MK...#
........#...# #.#####[#
#########.###########.####
#..###.....##....#
#......§._.##.##.#
#.####.....##.##<# #.#
#######..##.#
####.#####.##.#####.#
#.......##.##.†...#.#


You could see Menkaure and a kobold.

Vanquished Creatures
  A big kobold (D:3)
  The ghost of Kokonut the Cudgeler, a weakling MiBe of Trog (D:3)
  An orc wizard (D:3)
  4 orc priests (D:3)
  A centaur skeleton (D:4)
  2 worker ants (D:4)
  8 adders
  A gnoll (D:3)
  2 oozes
  2 worms
  An adder skeleton (D:4)
  A giant gecko (D:3)
  14 orcs
  2 giant cockroaches
  7 hobgoblins
  2 jackals (D:1)
  20 kobolds
  2 quokkas
  8 bats
  A giant gecko skeleton (D:3)
  6 giant newts
  6 goblins
  6 rats
99 creatures vanquished.

Vanquished Creatures (others)
  A plant (D:4)
1 creature vanquished.

Grand Total: 100 creatures vanquished

Notes
Turn   | Place    | Note
--------------------------------------------------------------
     0 | D:1      | WarriorsX the Human Fighter began the quest for the Orb.
     0 | D:1      | Reached XP level 1. HP: 18/18 MP: 1/1
   418 | D:1      | Reached XP level 2. HP: 24/24 MP: 2/2
   831 | D:2      | Reached XP level 3. HP: 29/29 MP: 3/3
   874 | D:2      | Found a sparkling altar of Nemelex Xobeh.
   968 | D:2      | Reached XP level 4. HP: 9/37 MP: 4/4
  1427 | D:2      | Reached skill level 4 in Fighting
  1685 | D:2      | Found an iron altar of Okawaru.
  1723 | D:2      | Became a worshipper of Warmaster Okawaru
  2034 | D:3      | Noticed Kokonut's ghost (weakling MiBe)
  2048 | D:3      | HP: 1/37 [Kokonut's ghost (6)]
  2050 | D:3      | Killed Kokonut's ghost
  2050 | D:3      | Reached XP level 5. HP: 1/43 MP: 5/5
  2713 | D:3      | Found a bloodstained altar of Trog.
  2830 | D:3      | HP: 1/43 [orc priest/divine providence (16)]
  2990 | D:3      | Reached XP level 6. HP: 18/49 MP: 6/6
  3071 | D:3      | Reached skill level 5 in Long Blades
  4353 | D:3      | Reached skill level 6 in Long Blades
  4577 | D:4      | Reached XP level 7. HP: 52/55 MP: 7/7
  4701 | D:4      | Reached * piety under Okawaru
  4748 | D:4      | Noticed Menkaure
  5126 | D:3      | Demolished by Menkaure

Action                   |  1- 3 |  4- 6 |  7- 9 || total
-------------------------+-------+-------+-------++-------
Melee: Long sword        |   106 |   245 |   111 ||   462
  Use: Scroll            |       |     4 |       ||     4
       Potion            |       |     2 |       ||     2
  Eat: Chunk             |       |    12 |     2 ||    14
